 Dungeon Crawl Stone Soup version 0.17-a0-1479-g4041c36 (webtiles) character file.

631 hexophile the Magician (level 7, -6/55 HPs)
             Began as a Naga Wizard on July 3, 2015.
             Mangled by a slave (8 damage)
             ... led by Pikel
             ... on level 5 of the Dungeon.
             The game lasted 00:14:38 (5255 turns).

hexophile the Magician (Naga Wizard)                Turns: 5255, Time: 00:14:38

Health: -6/55      AC:  8    Str:  9    XL:     7   Next: 48%
Magic:  0/14       EV: 10    Int: 21    God:
Gold:   35         SH:  0    Dex:  9    Spells: 5 memorised, 4 levels left

rFire  . . .     SeeInvis +     d - +1 scythe (protect)
rCold  . . .     Clarity  .     a - +0 robe
rNeg   . . .     SustAt   .     (no shield)
rPois  +         Gourm    .     b - +0 hat
rElec  .         Spirit   .     (no cloak)
rCorr  .         Warding  .     (no gloves)
rMut   .         Stasis   .     (no barding)
MR     .....                    (no amulet)
Stlth  ++........               (no ring)
                                (no ring)

@: very slightly contaminated, very slow, not resistant to hostile enchantments,
unstealthy
A: see invisible, deformed body, poison resistance, slowness 2, slow metabolism
1, spit poison 2, AC +2
a: Spit Poison


You were on level 5 of the Dungeon.
You were not hungry.

You visited 1 branch of the dungeon, and saw 5 of its levels.

You collected 115 gold pieces.
You spent 80 gold pieces at shops.

Inventory:

Hand weapons
 d - a +1 scythe of protection (weapon)
 q - a +3 dagger of venom
 s - a +0 hand crossbow
 t - a cursed -3 short sword
 x - a +0 blowgun
Missiles
 g - 93 stones (quivered)
 u - 18 bolts
 v - 6 poisoned needles
 y - 6 needles of sleeping
Armour
 a - a +0 robe (worn)
 b - a +0 hat (worn)
Magical devices
 j - a wand of digging (20)
 k - a wand of magic darts (19)
 p - a wand of polymorph (6)
Scrolls
 f - 3 scrolls of remove curse
 i - 2 scrolls of identify
 A - a scroll of recharging {unknown}
Potions
 w - a potion of lignification
Books
 c - a book of Minor Magic

   Spells                             Type                      Level
   a - Magic Dart                     Conjuration                  1
   b - Blink                          Translocation                2
   c - Call Imp                       Summoning                    2
   d - Repel Missiles                 Charms/Air                   2
   e - Slow                           Hexes                        2
   f - Conjure Flame                  Conjuration/Fire             3
   g - Mephitic Cloud                 Conjuration/Poison/Air       3
Comestibles
 l - a meat ration
 m - 4 beef jerkies
 n - a slice of pizza
 r - a royal jelly
 z - 2 bread rations


   Skills:
 + Level 3.0 Dodging
 - Level 3.0 Stealth
 * Level 4.8 Spellcasting
 * Level 4.2 Conjurations
   Level 1.0 Summonings
 - Level 1.0 Translocations
 + Level 2.4 Fire Magic
 + Level 2.5 Air Magic


You had 4 spell levels left.
You knew the following spells:

 Your Spells              Type           Power        Failure   Level  Hunger
a - Magic Dart            Conj           ###.         1%          1    None
b - Blink                 Tloc           N/A          12%         2    None
c - Conjure Flame         Conj/Fire      ###.....     10%         3    ##.....
d - Mephitic Cloud        Conj/Pois/Air  ##......     17%         3    ##.....
e - Repel Missiles        Chrm/Air       ##....       12%         2    None


Dungeon Overview and Level Annotations

Branches:
Dungeon (5/15)             Temple (0/1) D:5

Altars:
Ashenzari
Kikubaaqudgha
Nemelex Xobeh
Yredelemnul

Shops:
D:4 %

Annotations:
D:1 exclusion: downstairs
D:2 Damn fuckers.
D:5 Pikel


Innate Abilities, Weirdness & Mutations

You cannot wear boots.
Your serpentine skin is tough (AC +2).
You have supernaturally acute eyesight.
Armour fits poorly on your strangely shaped body.
Your system is resistant to poisons.
You cover ground very slowly.
You have a slow metabolism.
You can spit poison.


Message History

* * * LOW HITPOINT WARNING * * *
The slave hits you but does no damage.
Pikel says, "Slavery isn't that bad."
Found a staircase to the Ecumenical Temple.
Evoke which item? (* to show all) (? for menu, Esc to quit)
Zapping:
p - a wand of polymorph {zapped: 2} (will waste charges)
Press: ? - help, Shift-Dir - straight line, f - Pikel, p - giant frog
Aim: Pikel, wielding a whip of freezing and wearing a robe (chance to defeat MR: 46%) Pikel resists with some effort.
Evoking this partially-identified wand wasted a few charges.
The worker ant bites you.
* * * LOW HITPOINT WARNING * * *
The slave barely misses you. The slave misses you.
The worker ant bites you but does no damage.
Casting: Blink
Confirm with . or Enter, or press ? or * to list all spells.
You miscast Blink.
You are very lightly contaminated with residual magic.
Your skin tingles.
The slave hits you!
You die...

###########...
#.............
#..........#..
#..........#
#..........#
#..........#
#....p.F...#
#....pKpp..#
#.[..ra@...#
#######....$...
+........
#.......<
#.....≈§§
#....≈≈§≈
#...≈≈§§≈
#...≈§≈>§


You could see Pikel, 4 slaves, a giant frog, a worker ant and a rat.

Vanquished Creatures
  Sigmund (D:2)
  2 ogres
  2 orc wizards (D:3)
  4 worker ants
  Terence (D:1)
  Natasha (twice) (D:2)
  5 adders
  An adder skeleton (D:5)
  2 worms
  2 giant geckos (D:4)
  5 orcs
  3 bats
  2 giant cockroaches
  5 goblins
  7 hobgoblins
  5 jackals
  7 kobolds
  3 quokkas
  A giant gecko skeleton (D:4)
  8 rats
68 creatures vanquished.

Vanquished Creatures (others)
  A human (D:3)
1 creature vanquished.

Grand Total: 69 creatures vanquished

Notes
Turn   | Place    | Note
--------------------------------------------------------------
     0 | D:1      | hexophile the Naga Wizard began the quest for the Orb.
     0 | D:1      | Reached XP level 1. HP: 15/15 MP: 4/4
   282 | D:1      | Reached XP level 2. HP: 22/22 MP: 3/6
   835 | D:2      | Noticed Terence
  1013 | D:2      | Noticed Sigmund
  1027 | D:2      | Learned a level 2 spell: Blink
  1167 | D:2      | Reached XP level 3. HP: 28/28 MP: 0/8
  1172 | D:2      | Learned a level 3 spell: Conjure Flame
  1176 | D:2      | Learned a level 3 spell: Mephitic Cloud
  1508 | D:2      | Noticed Natasha
  1655 | D:2      | Found a shattered altar of Ashenzari.
  1837 | D:3      | Found a sparkling altar of Nemelex Xobeh.
  2118 | D:3      | Found a basalt altar of Yredelemnul.
  2121 | D:3      | Found an ancient bone altar of Kikubaaqudgha.
  2122 | D:3      | Noticed a human
  2124 | D:3      | Killed a human
  2516 | D:3      | Reached XP level 4. HP: 2/36 MP: 2/9
  2893 | D:3      | Reached skill level 1 in Fire Magic
  3232 | D:3      | Reached XP level 5. HP: 42/42 MP: 4/10
  3420 | D:4      | Reached skill level 1 in Air Magic
  3496 | D:4      | Found an ancient bone altar of Kikubaaqudgha.
  3500 | D:4      | Noticed an ogre
  3611 | D:4      | Found a sparkling altar of Nemelex Xobeh.
  3651 | D:4      | Noticed an ogre
  3737 | D:2      | Killed Sigmund
  3737 | D:2      | Reached skill level 4 in Spellcasting
  3737 | D:2      | Reached XP level 6. HP: 11/49 MP: 1/12
  4035 | D:2      | Killed Natasha
  4108 | D:1      | Killed Terence
  4129 | D:2      | Noticed Natasha
  4140 | D:2      | Killed Natasha
  4281 | D:4      | Found Cido's Food Emporium.
  4289 | D:4      | Bought a beef jerky for 16 gold pieces
  4289 | D:4      | Bought a slice of pizza for 16 gold pieces
  4289 | D:4      | Bought a beef jerky for 16 gold pieces
  4289 | D:4      | Bought a beef jerky for 16 gold pieces
  4289 | D:4      | Bought a beef jerky for 16 gold pieces
  4416 | D:4      | Learned a level 2 spell: Repel Missiles
  4424 | D:4      | Killed an ogre
  4424 | D:4      | Reached XP level 7. HP: 55/55 MP: 1/13
  4923 | D:5      | Entered Level 5 of the Dungeon
  5237 | D:5      | HP: 2/55 [iguana (11)]
  5250 | D:5      | Noticed Pikel
  5253 | D:5      | Found a staircase to the Ecumenical Temple.
  5254 | D:5      | HP: 2/55 [worker ant (1)]
  5255 | D:5      | Mangled by a slave

Vault maps used:
D:1:      tarquinn_simple_flora_water_b
D:2:      ashenzari_conservatory_becter, uniq_sigmund, uniq_terence,
          uniq_natasha
D:3:      nemelex_altar_shiori, lemuel_crystal_altar, tgw_kikubaaqudgha
D:4:      kennysheep_mini_moat, serial_shops, nicolae_shop_crystal,
          nemelex_spade_bored_becter
D:5:      minmay_temple_entry_mist, basic_altar, portal_sewer_entry_e,
          first_bread, uniq_pikel

Action                   |  1- 3 |  4- 6 |  7- 9 || total
-------------------------+-------+-------+-------++-------
Melee: Unarmed           |    13 |       |       ||    13
       Short sword       |    23 |       |       ||    23
       Dagger            |       |    58 |    17 ||    75
 Fire: Hand crossbow     |       |       |    26 ||    26
       Blowgun           |       |       |     5 ||     5
 Cast: Magic Dart        |    88 |    32 |    27 ||   147
       Mephitic Cloud    |     3 |     6 |       ||     9
       Conjure Flame     |       |     1 |     1 ||     2
       Blink             |       |       |     1 ||     1
 Abil: Spit Poison       |     7 |     5 |     5 ||    17
Evoke: Wand              |       |       |     2 ||     2
  Use: Scroll            |     2 |     1 |     3 ||     6
       Potion            |       |     4 |     2 ||     6
 Stab: Confused          |     1 |       |       ||     1
  Eat: Bread ration      |     1 |       |       ||     1
       Chunk             |       |     4 |     2 ||     6
       Pizza             |       |     1 |       ||     1
